 Dungeon Crawl Stone Soup version 0.26-a0-43-g20b394cb32 (webtiles) character file.

Game seed: 8330593544034128070

157857 DerDa the Gelid (level 17, -1/122 HPs)
             Began as a Merfolk Ice Elementalist on June 2, 2020.
             Was a High Priest of Sif Muna.
             Engulfed by a cloud of spectral mist (18 damage)
             ... on level 2 of the Swamp.
             The game lasted 02:05:11 (37126 turns).

DerDa the Gelid (Merfolk Ice Elementalist)         Turns: 37126, Time: 02:05:12

Health: -1/122     AC: 10    Str: 14    XL:     17   Next: 70%
Magic:  4/33       EV: 20    Int: 21    God:    Sif Muna [*****.]
Gold:   2644       SH: 16    Dex: 17    Spells: 14/41 levels left

rFire    . . .     SeeInvis .   W - +3 trident (flame)
rCold    + . .     Gourm    .   V - +5 kite shield {reflect}
rNeg     . . .     Faith    .   t - +4 leather armour of the Nightingale {rElec rF+}
rPois    +         Spirit   .   L - +1 helmet
rElec    +         Reflect  +   Y - scarf {repulsion}
rCorr    .         Harm     .   g - +0 pair of gloves
MR       .....                  (no boots)
Stlth    ++........             F - amulet of magic regeneration
HPRegen  0.30/turn              y - ring of poison resistance
MPRegen  0.48/turn              S - ring "Dyfryek" {Ice MR- Str+6 Dex+2}

@: no potions, lightly drained, repel missiles
A: change form in water, swift swim, stealthy swim
a: Channel Magic, Forget Spell, Divine Exegesis, Renounce Religion


You were on level 2 of the Swamp.
You worshipped Sif Muna.
Sif Muna was extremely pleased with you.
You were very hungry.

You visited 5 branches of the dungeon, and saw 26 of its levels.
You also visited: Bailey.

You collected 2644 gold pieces.

Inventory:

Hand Weapons
 x - a +5 spear of freezing
 A - the +6 halberd of Ziaceq {chaos, rF+ rC+}
   (You subdued it on level 1 of the Swamp)

   Each time it hits an enemy it has a different, random effect.
   It protects you from fire.
   It protects you from cold.
 W - a +3 trident of flaming (weapon)
Armour
 g - a +0 pair of gloves (worn)
 t - the +4 leather armour of the Nightingale (worn) {rElec rF+}
   (You found it on level 4 of the Dungeon)

   It protects you from fire.
   It insulates you from electricity.
 L - a +1 helmet (worn)
 V - a +5 kite shield of reflection (worn)
 Y - a scarf of repulsion (worn)
Jewellery
 s - an uncursed ring of magical power
 v - an uncursed ring of flight
 y - a ring of poison resistance (left hand)
 B - a +6 ring of intelligence
 F - an amulet of magic regeneration (around neck)
 S - the ring "Dyfryek" (right hand) {Ice MR- Str+6 Dex+2}
   (You found it on level 11 of the Dungeon)

   [ring of ice]

   It enhances your ice magic.
   It affects your strength (+6).
   It affects your dexterity (+2).
   It makes you vulnerable to fire.
   It protects you from cold.
   It affects your resistance to hostile enchantments.
Wands
 u - a wand of polymorph (14)
 w - a wand of flame (47)
 J - a wand of clouds (10)
 K - a wand of digging (17)
 M - a wand of iceblast (20)
 N - a wand of acid (22)
 P - a wand of enslavement (6)
Scrolls
 e - a scroll of silence
 f - 4 scrolls of teleportation
 h - 3 scrolls of vulnerability
 j - 4 scrolls of remove curse
 m - 2 scrolls of blinking
 o - 3 scrolls of fog
 p - a scroll of brand weapon
 q - 3 scrolls of immolation
 D - 7 scrolls of fear
 H - a scroll of amnesia
 O - 2 scrolls of magic mapping
 T - a scroll of summoning
Potions
 b - 4 potions of heal wounds
 d - 6 potions of resistance
 k - 3 potions of magic
 n - 3 potions of might
 r - 2 potions of mutation
 z - 11 potions of curing
 C - a potion of haste
 E - 2 potions of stabbing
 G - 3 potions of invisibility
 R - 4 potions of brilliance
Miscellaneous
 a - 2 boxes of beasts
 l - a phantom mirror
Comestibles
 c - 34 rations
 i - 2 chunks of flesh


   Skills:
 - Level 8.0(7.5) Fighting
 + Level 13.7(13.1) Polearms
 + Level 13.2(12.7) Dodging
 - Level 2.3(1.9) Stealth
 + Level 10.0(9.5) Shields
 * Level 12.8(12.3) Spellcasting
 + Level 8.0(7.6) Conjurations
 * Level 15.4(14.9) Ice Magic
 + Level 4.0(3.6) Air Magic
 + Level 8.9(8.4) Invocations
 + Level 8.0(7.6) Evocations


You had 14 spell levels left.
You knew the following spells:

 Your Spells              Type           Power        Failure   Level  Hunger
a - Freeze                Ice            ####         1%          1    None
b - Frozen Ramparts       Ice            ######       1%          3    None
c - Ozocubu's Armour      Chrm/Ice       ######..     1%          3    None
d - Hailstorm             Conj/Ice       ######..     1%          4    None
e - Summon Ice Beast      Ice/Summ       ######..     6%          4    None
f - Ozocubu's Refrigerat  Ice            #######...   4%          6    #####..
g - Freezing Cloud        Conj/Ice/Air   ######....   50%         6    #####..

Your spell library contained the following spells:

 Spells                   Type           Power        Failure   Level  Hunger
 Static Discharge         Conj/Air       #####...     3%          3    None
 Ice Form                 Ice/Tmut       ######..     6%          4    None
 Dazzling Flash           Conj/Hex       ####..       9%          3    None
 Mephitic Cloud           Conj/Pois/Air  ####....     9%          3    None
 Corpse Rot               Necr/Air       N/A          10%         2    None
 Animate Skeleton         Necr           N/A          13%         1    None
 Apportation              Tloc           ##....       13%         1    None
 Corona                   Hex            ##.....      13%         1    None
 Infusion                 Chrm           ##..         13%         1    None
 Pain                     Necr           ##..         13%         1    None
 Summon Small Mammal      Summ           ##..         13%         1    None
 Metabolic Englaciation   Hex/Ice        ######....   17%         5    ####...
 Shroud of Golubria       Chrm/Tloc      ##....       21%         2    None
 Song of Slaying          Chrm           ##......     21%         2    None
 Sublimation of Blood     Necr           ##........   21%         2    None
 Fulminant Prism          Conj/Hex       ####......   26%         4    None
 Iskenderun's Mystic Bla  Conj/Tloc      ####....     26%         4    None
 Sticky Flame             Conj/Fire      ####....     26%         4    None
 Airstrike                Air            ####......   28%         4    None
 Confusing Touch          Hex            ##......     36%         3    None
 Gell's Gravitas          Tloc           ##........   36%         3    None
 Portal Projectile        Hex/Tloc       ##....       36%         3    None
 Spectral Weapon          Hex/Chrm       ##......     36%         3    None
 Summon Guardian Golem    Hex/Summ       ##......     36%         3    None
 Vampiric Draining        Necr           ##........   36%         3    None
 Summon Lightning Spire   Summ/Air       ###.....     52%         4    None
 Irradiate                Conj/Tmut      ####......   58%         5    ####...
 Iskenderun's Battlesphe  Conj/Chrm      ####....     58%         5    ####...
 Simulacrum               Ice/Necr       ######....   67%         6    #####..
 Animate Dead             Necr           N/A          78%         4    None
 Dispel Undead            Necr           ##......     78%         4    None
 Leda's Liquefaction      Hex/Erth       ##........   78%         4    None
 Olgreb's Toxic Radiance  Pois           ##......     78%         4    None
 Petrify                  Tmut/Erth      ##......     78%         4    None
 Silence                  Hex/Air        ###.......   86%         5    ####...
 Conjure Ball Lightning   Conj/Air       #####.....   89%         6    #####..
 Agony                    Necr           ##......     98%         5    ####...
 Excruciating Wounds      Chrm/Necr      ##........   98%         5    ####...
 Yara's Violent Unravell  Hex/Tmut       ##........   98%         5    ####...
 Orb of Destruction       Conj           #####.....   99%         7    #######
 Haunt                    Necr/Summ      ##........   100%        7    #######
 Borgnjor's Revivificati  Necr           ##........   100%        8    #######
 Death's Door             Chrm/Necr      ##........   100%        8    #######
 Infestation              Necr           ##........   100%        8    #######
 Necromutation            Tmut/Necr      ##........   100%        8    #######


Dungeon Overview and Level Annotations

Branches:
Dungeon (15/15)            Temple (1/1) D:6            Lair (6/6) D:11
  Swamp (2/4) Lair:4       Spider (0/4) Lair:2        Slime (0/5) Lair:6
    Orc (2/2) D:9             Elf (0/3) Orc:2        Vaults (0/5) D:14
 Depths (0/5) D:15         Bailey (visited)

Altars:
Ashenzari
Cheibriados
Dithmenos
Elyvilon
Fedhas
Gozag
Hepliaklqana
Kikubaaqudgha
Makhleb
Nemelex Xobeh
Okawaru
Qazlal
Ru
Sif Muna
Trog
Uskayaw
Vehumet
Wu Jian
Xom
Yredelemnul
Zin
The Shining One
Jiyva

Shops:
Orc:2 :([*

Annotations:
D:3 Grinder
D:13 2 runed translucent doors, Jowiufri's ghost, journeyman GrFi


Message History

* * * LOW HITPOINT WARNING * * *
The ghost crab breathes spectral mist at you.
The spectral mist engulfs you but does no damage.
Casting: Ozocubu's Refrigeration (dangerous; 4% risk of failure)
Confirm with . or Enter, or press ? or * to list all spells.
You feel a surge of power!
The heat is drained from your surroundings.
You resist.
You feel very cold. The monsters around you are frozen!
The spectral seven-headed hydra resists.
The spectral seven-headed hydra is moderately damaged.
You destroy the ghost crab!
Sif Muna accepts your kill.
The spectral seven-headed hydra fades away!
The spectral spriggan rider fades away!
The spectral alligator fades away!
The spectral swamp drake fades away!
The spectral alligator fades away!
You kill the swamp worm!
Sif Muna accepts your kill.
You are feeling very hungry.
You are engulfed in spectral mist.
You die...

♣.≈≈≈≈≈≈≈≈≈≈ ≈≈≈≈
≈.≈≈..≈≈≈.≈♣ ..≈≈≈
♣..≈..≈≈≈..♣ ...≈.
♣≈≈≈≈≈≈≈≈.≈♣ ♣♣..≈
♣♣≈.≈≈≈≈≈.§♣ ♣.≈....
.≈♣♣§..°≈§≈≈.♣ ♣≈≈♣.≈..
..≈≈≈☼○○○○§.♣ ♣≈.......
≈≈≈≈≈≈°○°☼§.♣♣ ♣≈......♣♣
≈≈≈≈≈§○♣@°.§≈♣♣≈..≈≈≈≈.≈≈
≈≈§≈≈.☼♣♣§☼≈....≈≈≈≈≈≈..≈
...≈≈..♣♣§☼☼≈≈≈≈≈≈≈≈≈..≈≈
..≈...≈.≈...÷≈≈≈≈≈≈≈≈.≈≈≈
$..≈≈≈≈≈≈≈§..≈≈≈≈≈≈≈..≈≈≈
..≈≈≈≈≈≈≈≈≈....≈≈≈≈..(≈≈≈
..≈≈≈≈≈≈≈≈≈.≈...≈≈..♣♣.≈≈
≈≈≈≈≈≈≈≈≈.....†..≈♣♣...
≈≈≈≈>≈≈≈≈≈≈..≈†.≈....≈♣


There were no monsters in sight!

Vanquished Creatures
  Nikola (Swamp:2)
  Jorgrun (Orc:1)
  The ghost of Efroh the Severer, an adept HOFi of Beogh (Swamp:1)
  Frances (Swamp:1)
  An orc warlord (Orc:2)
  A stone giant (D:15)
  The ghost of Deloff the Geomancer, a journeyman GrEE of Vehumet (D:15)
  A dire elephant (D:15)
  A merfolk javelineer (D:15)
  An ettin (D:12)
  Josephine (Orc:1)
  Snorg (Lair:3)
  A yaktaur captain (D:14)
  A vault guard (D:14)
  10 hydras
  Erolcha (D:11)
  A shambling mangrove (Swamp:1)
  A naga warrior (D:15)
  A ghost crab (Swamp:2)
  Harold (Lair:1)
  2 centaur warriors
  10 two-headed ogres
  Erica (D:10)
  3 catoblepae
  2 ogre magi
  7 alligators
  A dancing weapon (Swamp:1)
  4 tengu warriors
  An orc high priest (Orc:2)
  A deep troll shaman (Lair:6)
  6 death yaks (Lair:6)
  Urug (D:10)
  3 skeletal warriors (D:13)
  3 unseen horrors
  An obsidian statue (Lair:2)
  A swamp dragon (Swamp:1)
  A lindwurm (Lair:4)
  A deep elf archer (D:15)
  10 orc knights
  A wolf spider zombie (D:14)
  A phantasmal warrior (D:12)
  2 deep elf magi
  7 ugly things
  4 cyclopes
  2 oklob plants (Lair:1)
  4 manticores
  6 orc sorcerers (Orc:2)
  2 black mambas
  7 elephants
  Joseph (D:10)
  10 spiny frogs
  A guardian serpent (shapeshifter) (D:14)
  A gargoyle (D:14)
  3 komodo dragons
  2 efreet
  9 rime drakes
  A merfolk (D:15)
  5 trolls
  3 meliai (D:13)
  2 polar bears (Lair:6)
  3 hornets
  21 hippogriffs
  10 blink frogs
  A bog body (Swamp:1)
  18 slime creatures
  12 dream sheep
  2 vampires
  6 shadows
  49 yaks
  A spriggan (Lair:2)
  11 wyverns
  8 wraiths
  Eustachio (D:5)
  7 basilisks
  11 vampire mosquitoes
  2 hungry ghosts
  A steam dragon (D:10)
  Grum (D:8)
  Menkaure (D:6)
  8 swamp worms
  3 wargs
  A soldier ant (D:13)
  An acid dragon (D:14)
  A hell hound (Lair:6)
  11 water moccasins
  6 porcupines
  A sky beast (D:14)
  2 swamp drakes (Swamp:2)
  2 eyes of draining
  3 ice beasts
  42 orc warriors
  3 black bears
  3 phantoms
  3 boggarts (D:14)
  19 ogres
  51 wolves
  11 centaurs
  10 crocodiles
  3 big kobolds
  A gnoll sergeant (D:5)
  19 bullfrogs
  A wyvern zombie (D:8)
  A wyvern skeleton (D:5)
  2 scorpions
  8 killer bees
  16 wights
  3 electric eels (Lair:2)
  5 howler monkeys
  7 crimson imps
  2 bullfrog zombies
  7 jellies
  A quasit (D:11)
  A bullfrog skeleton (D:6)
  2 centaur zombies
  29 orc wizards
  Crazy Yiuf (D:6)
  A gnoll shaman (D:4)
  13 orc priests
  5 centaur skeletons
  8 hounds
  2 iguanas
  8 worker ants
  2 nameless horrors
  A hound zombie (D:9)
  A worker ant zombie (D:5)
  Robin (D:3)
  9 gnolls
  A howler monkey skeleton (D:2)
  19 adders
  A shadow imp (D:2)
  5 oozes (D:9)
  An adder zombie (D:9)
  An adder skeleton (D:6)
  3 worms
  4 dart slugs
  5 leopard geckos
  126 orcs
  5 giant cockroaches
  17 goblins
  12 hobgoblins
  2 quokkas
  7 ball pythons
  13 bats
  5 frilled lizards
  A giant cockroach zombie (D:5)
  34 kobolds
  A leopard gecko skeleton (D:4)
  5 rats
  A butterfly (Lair:4)
  20 fungi
  12 plants
970 creatures vanquished.

Vanquished Creatures (collateral kills)
  An ettin (D:12)
  The ghost of tids the Fighter, a journeyman OpWn of Xom (D:12)
  3 hydras
  2 death yaks (Lair:6)
  2 alligators
  Nergalle (Orc:1)
  A skeletal warrior (D:13)
  An orc knight (Bailey)
  2 swamp dragons (Swamp:2)
  A wolf spider (Lair:2)
  A cyclops (D:12)
  The ghost of glosham the Covert, a novice FeBe of Trog (D:14)
  2 tyrant leeches (Swamp:1)
  A basilisk (D:14)
  A vampire mosquito (Swamp:2)
  A crocodile (Lair:6)
  An orc (Bailey)
23 creatures vanquished.

Vanquished Creatures (others)
  A shambling mangrove (Swamp:2)
  8 fungi
  6 plants
15 creatures vanquished.

Grand Total: 1008 creatures vanquished

Notes
Turn   | Place    | Note
-------+----------+-------------------------------------------
     0 | D:1      | DerDa the Merfolk Ice Elementalist began the quest for the
                  | Orb.
     0 | D:1      | Reached XP level 1. HP: 13/13 MP: 3/3
   244 | D:1      | Reached XP level 2. HP: 14/19 MP: 1/5
   760 | D:1      | Reached skill level 5 in Ice Magic
   975 | D:1      | Reached XP level 3. HP: 24/24 MP: 6/6
  1498 | D:2      | Reached XP level 4. HP: 27/30 MP: 4/8
  1582 | D:2      | Noticed a phantom
  1783 | D:2      | Learned a level 3 spell: Frozen Ramparts
  1787 | D:2      | Learned a level 3 spell: Ozocubu's Armour
  2193 | D:2      | Found a sparkling altar of Nemelex Xobeh.
  2762 | D:3      | Reached XP level 5. HP: 31/35 MP: 3/9
  2966 | D:3      | Noticed Robin
  2981 | D:3      | Killed Robin
  2981 | D:3      | Reached skill level 1 in Polearms
  3116 | D:3      | Noticed Grinder
  3324 | D:2      | Reached skill level 6 in Ice Magic
  3891 | D:3      | Reached XP level 6. HP: 41/41 MP: 9/11
  4181 | D:4      | Got an encrusted leather armour
  4191 | D:4      | Identified the +4 leather armour of the Nightingale {rElec
                  | rF+} (You found it on level 4 of the Dungeon)
  4196 | D:4      | Learned a level 4 spell: Hailstorm
  4217 | D:4      | Noticed a phantom
  5177 | D:5      | Entered Level 5 of the Dungeon
  5335 | D:5      | Reached XP level 7. HP: 46/46 MP: 13/13
  5667 | D:5      | Noticed Eustachio
  5697 | D:5      | Killed Eustachio
  5697 | D:5      | Reached skill level 5 in Dodging
  5697 | D:5      | Reached skill level 1 in Conjurations
  5697 | D:5      | Reached skill level 7 in Ice Magic
  5797 | D:5      | Reached XP level 8. HP: 19/52 MP: 15/15
  6493 | D:5      | Identified the +3 ring mail of Lilacs {*Slow rF+ Stlth+}
  6496 | D:5      | Reached skill level 5 in Spellcasting
  6919 | D:6      | Learned a level 4 spell: Summon Ice Beast
  7002 | D:6      | Noticed a vampire
  7349 | D:6      | Reached skill level 8 in Ice Magic
  7444 | D:6      | Found a burning altar of Makhleb.
  7531 | D:6      | Noticed Menkaure
  7542 | D:6      | Killed Menkaure
  7542 | D:6      | Reached skill level 5 in Polearms
  7868 | D:6      | Found a staircase to the Ecumenical Temple.
  7878 | Temple   | Entered the Ecumenical Temple
  7882 | Temple   | Reached XP level 9. HP: 52/57 MP: 17/17
  7982 | Temple   | Became a worshipper of Sif Muna the Loreminder
  8239 | D:6      | Found a runed translucent door.
  8240 | D:6      | Noticed Crazy Yiuf
  8275 | D:6      | Killed Crazy Yiuf
  8751 | D:7      | Reached skill level 9 in Ice Magic
  9363 | D:7      | Reached * piety under Sif Muna
  9726 | D:8      | Reached XP level 10. HP: 52/63 MP: 20/20
 10206 | D:8      | Reached skill level 10 in Ice Magic
 10244 | D:8      | Noticed Grum
 10255 | D:8      | Killed Grum
 10255 | D:8      | Reached ** piety under Sif Muna
 11148 | D:9      | Reached skill level 1 in Shields
 11150 | D:9      | Reached skill level 1 in Invocations
 11153 | D:9      | Reached skill level 1 in Evocations
 11223 | D:9      | Reached XP level 11. HP: 66/68 MP: 0/23
 11550 | D:9      | Reached *** piety under Sif Muna
 11677 | D:9      | Found a staircase to the Orcish Mines.
 12007 | Orc:1    | Entered Level 1 of the Orcish Mines
 12078 | D:10     | Entered Level 10 of the Dungeon
 12078 | D:10     | Noticed Erica
 12377 | D:10     | Noticed Joseph
 12393 | D:10     | Killed Joseph
 12533 | D:10     | Killed Erica
 12533 | D:10     | Reached skill level 11 in Ice Magic
 12726 | D:10     | Noticed Urug
 12762 | D:10     | Killed Urug
 12766 | D:10     | Reached **** piety under Sif Muna
 13300 | D:11     | Found a flagged portal.
 13318 | Bailey   | Entered a bailey
 13455 | Bailey   | Noticed an orc knight
 13456 | Bailey   | Noticed an orc knight
 13456 | Bailey   | Noticed an orc knight
 13507 | Bailey   | Killed an orc knight
 13543 | Bailey   | Killed an orc knight
 13780 | Bailey   | Noticed an orc knight
 13806 | Bailey   | Killed an orc knight
 13889 | Bailey   | Killed an orc knight
 13920 | Bailey   | Noticed an orc knight
 13927 | Bailey   | Noticed an orc knight
 13954 | Bailey   | Killed an orc knight
 13954 | Bailey   | Reached skill level 5 in Conjurations
 13966 | Bailey   | Killed an orc knight
 13966 | Bailey   | Reached XP level 12. HP: 35/74 MP: 2/25
 14320 | D:11     | Noticed an ogre mage
 14323 | D:11     | Noticed a two-headed ogre
 14329 | D:11     | Noticed a two-headed ogre
 14329 | D:11     | Noticed a two-headed ogre
 14619 | D:11     | Killed a two-headed ogre
 14654 | D:11     | Noticed a two-headed ogre
 14656 | D:11     | Noticed a two-headed ogre
 14664 | D:11     | Killed a two-headed ogre
 14665 | D:11     | Killed a two-headed ogre
 14669 | D:11     | Noticed Erolcha
 14674 | D:11     | Killed a two-headed ogre
 14675 | D:11     | Reached ***** piety under Sif Muna
 14675 | D:11     | Reached skill level 10 in Dodging
 14813 | D:11     | Killed Erolcha
 14813 | D:11     | Reached skill level 12 in Ice Magic
 14907 | D:11     | Got a brightly glowing granite ring
 14951 | D:11     | Killed an ogre mage
 14951 | D:11     | Reached skill level 10 in Polearms
 14960 | D:11     | HP: 2/74 [two-headed ogre/+0 giant club (11)]
 15305 | D:11     | Killed a two-headed ogre
 15337 | D:11     | Identified Sif Muna's Guide on Lightness and Malediction
                  | (Sif Muna gifted it to you on level 11 of the Dungeon)
 15337 | D:11     | Received a gift from Sif Muna
 15441 | D:11     | Noticed a six-headed hydra
 15446 | D:11     | Killed a six-headed hydra
 15749 | D:11     | Found a staircase to the Lair.
 15909 | D:11     | Identified the ring "Dyfryek" {Ice MR- Str+6 Dex+2} (You
                  | found it on level 11 of the Dungeon)
 16000 | Lair:1   | Entered Level 1 of the Lair of Beasts
 16281 | Lair:1   | Reached skill level 10 in Spellcasting
 16342 | Lair:1   | Identified a scroll of acquirement
 16563 | Lair:1   | Noticed an eight-headed hydra
 16570 | Lair:1   | Killed an eight-headed hydra
 16790 | Lair:1   | Reached XP level 13. HP: 79/79 MP: 27/27
 17128 | Lair:1   | Noticed Harold
 17137 | Lair:1   | Killed Harold
 17137 | Lair:1   | Reached skill level 5 in Invocations
 17510 | Lair:2   | Found a hole to the Spider Nest.
 17879 | Lair:2   | Got a fine iron ring
 17895 | Lair:2   | Identified the ring "Ufuegg" {rN+ EV+4} (You found it on
                  | level 2 of the Lair of Beasts)
 18362 | Lair:2   | Reached skill level 5 in Evocations
 18831 | Lair:2   | Reached XP level 14. HP: 103/103 MP: 28/28
 18953 | Lair:3   | Noticed Snorg
 18968 | Lair:3   | Killed Snorg
 19792 | Lair:4   | Reached skill level 5 in Shields
 19797 | Lair:4   | Received a gift from Sif Muna
 19797 | Lair:4   | Reached skill level 13 in Ice Magic
 20355 | Lair:4   | Found a staircase to the Swamp.
 20684 | Lair:4   | Found a radiant altar of Vehumet.
 22372 | Lair:6   | Entered Level 6 of the Lair of Beasts
 22396 | Lair:6   | Reached XP level 15. HP: 107/110 MP: 22/29
 22415 | Lair:6   | Identified Sif Muna's Primer on Magic (Sif Muna gifted it
                  | to you on level 6 of the Lair of Beasts)
 22415 | Lair:6   | Received a gift from Sif Muna
 23666 | Lair:6   | Found a viscous altar of Jiyva.
 23667 | Lair:6   | Found a staircase to the Slime Pits.
 25004 | Lair:2   | Got an ichor-stained robe
 25014 | Lair:2   | Identified the cursed +1 robe of Qafiblos {Str+6 Int-2}
                  | (You found it on level 2 of the Lair of Beasts)
 25126 | D:11     | Learned a level 6 spell: Ozocubu's Refrigeration
 25133 | D:11     | Learned a level 6 spell: Freezing Cloud
 25215 | Orc:1    | Reached skill level 14 in Ice Magic
 25504 | Orc:2    | Entered Level 2 of the Orcish Mines
 25513 | Orc:1    | Noticed Jorgrun
 25513 | Orc:1    | Noticed Josephine
 25558 | Orc:2    | Found Joizatso's General Store.
 25567 | Orc:2    | Received a gift from Sif Muna
 25629 | Orc:2    | Found Bawnow's Antique Armour Emporium.
 25629 | Orc:2    | Noticed an orc warlord
 25640 | Orc:2    | Killed an orc warlord
 25783 | Orc:2    | Reached skill level 1 in Air Magic
 26138 | Orc:2    | Found Hesaeqyi's Antique Weapon Emporium.
 26222 | Orc:2    | Found a staircase to the Elven Halls.
 26525 | Orc:2    | Found Uryet's Book Emporium.
 27202 | Orc:1    | Noticed Nergalle
 27203 | Orc:1    | Killed Josephine
 27213 | Orc:1    | Killed Nergalle
 27213 | Orc:1    | Reached XP level 16. HP: 116/117 MP: 20/31
 27775 | Orc:1    | Killed Jorgrun
 28803 | D:12     | Found a runed translucent gate.
 28803 | D:12     | Found a runed translucent gate.
 28804 | D:12     | Found a runed translucent gate.
 28806 | D:12     | Found the +5 robe of Misfortune {*Contam Harm *Corrode
                  | *Drain *Slow EV+5}
 28806 | D:12     | Noticed tids's ghost (journeyman OpWn)
 29248 | D:12     | You fall into a shaft and drop 2 floors!
 29341 | D:14     | Received a gift from Sif Muna
 30485 | D:14     | Found a large runed translucent door.
 30485 | D:14     | Found a large runed translucent door.
 30489 | D:14     | Noticed glosham's ghost (novice FeBe)
 30506 | D:14     | Killed glosham's ghost
 30514 | D:14     | Got an ebony quarterstaff
 30779 | D:14     | Found a gate to the Vaults.
 31911 | D:13     | Noticed Jowiufri's ghost (journeyman GrFi)
 31912 | D:13     | Noticed a lich
 31912 | D:13     | Noticed a tengu reaver
 32319 | D:13     | Identified Sif Muna's Volume of Conjuration (Sif Muna
                  | gifted it to you on level 13 of the Dungeon)
 32319 | D:13     | Received a gift from Sif Muna
 32517 | D:13     | Found a runed translucent door.
 32528 | D:13     | Found a runed translucent door.
 33181 | D:12     | Identified the +12 quarterstaff of Ethi {vamp, SInv} (You
                  | found it on level 14 of the Dungeon)
 33184 | D:12     | Got a warped quarterstaff
 33184 | D:12     | Identified the cursed +1 quarterstaff "Demonbane" {vamp,
                  | *Noise +Blink +Inv} (You found it on level 12 of the
                  | Dungeon)
 33262 | D:12     | Killed tids's ghost
 33378 | D:15     | Entered Level 15 of the Dungeon
 33483 | D:15     | Reached XP level 17. HP: 122/122 MP: 22/33
 33486 | D:15     | Found a staircase to the Depths.
 33567 | D:15     | Reached skill level 15 in Ice Magic
 34016 | D:15     | Found a shattered altar of Ashenzari.
 34301 | D:15     | Found a runed translucent gate.
 34302 | D:15     | Found a runed translucent gate.
 34303 | D:15     | Found a runed translucent gate.
 34303 | D:15     | Noticed Deloff's ghost (journeyman GrEE)
 34304 | D:15     | Found an iron altar of Okawaru.
 34441 | D:15     | Killed Deloff's ghost
 34871 | Swamp:1  | Entered Level 1 of the Swamp
 35495 | Swamp:1  | Found a runed translucent door.
 35495 | Swamp:1  | Found a shimmering altar of Xom.
 35495 | Swamp:1  | Noticed Efroh's ghost (adept HOFi)
 35495 | Swamp:1  | Identified the +6 halberd of Ziaceq {chaos, rF+ rC+}
 35544 | Swamp:1  | Killed Efroh's ghost
 36417 | Swamp:1  | Noticed Frances
 36440 | Swamp:1  | Killed Frances
 36440 | Swamp:1  | Identified Tauzos's Incunabulum of Experimentation (Sif
                  | Muna gifted it to you on level 1 of the Swamp)
 36440 | Swamp:1  | Received a gift from Sif Muna
 37065 | Swamp:2  | Noticed Nikola
 37078 | Swamp:2  | Killed Nikola
 37078 | Swamp:2  | Reached skill level 10 in Shields
 37126 | Swamp:2  | Engulfed by a cloud of spectral mist

Illustrated notes

Levels and vault maps discovered:
D:1:      nicolae_arrival_washed_ashore, layout_basic
D:2:      layout_basic, nemelex_spade_bored_becter
D:3:      layout_loops_ring, first_ration, kennysheep_generic_room_11,
          uniq_grinder, uniq_robin
D:4:      layout_cave_pools
D:5:      kennysheep_kobold_camp, layout_basic, uniq_eustachio
D:6:      layout_cave_pools, lemuel_crystal_altar,
          minmay_temple_entry_purple_smoke, corexii_leaking_fountain,
          uniq_menkaure, uniq_crazy_yiuf_cottage
D:7:      layout_cave_pods
D:8:      layout_basic, st_stairs_5, uniq_grum
D:9:      layout_rooms, hiddenorc1_lemuel, hangedman_little_slice_of_home
D:10:     layout_roguey, grunt_ministairs_5, uniq_joseph, uniq_urug, uniq_erica
D:11:     lemuel_ice_spiral_2, layout_irregular_city, david_lair_generic,
          enter_bailey_2, uniq_erolcha
D:12:     layout_gridville, gammafunk_ghost_spectres,
          minmay_checkered_concentric_circles
D:13:     layout_basic, muffindrake_ghost_dual_entry
D:14:     layout_long_grid, david_vaults_5, ebering_ghost_disaster_area,
          chequers_serial_rivers_room_a, feat_on_display
D:15:     hangedman_depths_entry_try_elsewhere_first, layout_long_grid,
          nicolae_ashenzari_panopticon, gammafunk_ghost_fury_of_okawaru
Temple:   grunt_wide_crystal_templ
Lair:1:   cheibrodos_lair_river_kwai, layout_regular_city, grunt_megastairs_5,
          minmay_lair_oklob_chamber, uniq_harold
Lair:2:   statuecave_lemuel, layout_chaotic_city, spider_nest_entry_rubble,
          ldierk_geyser, grunt_forest_large_clearings, serial_bayou_shore_a
Lair:3:   layout_roguey, serial_forest, infiniplex_forest_lined_corner,
          infiniplex_forest_end_double, infiniplex_forest_end_2,
          infiniplex_forest_lined_corner, infiniplex_forest_end_3,
          infiniplex_forest_clump_cross, infiniplex_forest_clump_small,
          infiniplex_forest_clump_C, uniq_snorg
Lair:4:   layout_loops_ring, swamp_mist, basic_altar, lemuel_fruit_tree,
          lemuel_fruit_fields
Lair:5:   layout_layer_cave, nicolae_quartered_pool_super
Lair:6:   grunt_lair_end_beastmaster, layout_layer_cave,
          dpeg_slime_entry_enclosed_altar, special_room
          [special_room_mythical_zoo]
Swamp:1:  layout_basic_swamp, ebering_ghost_xom,
          nicolae_swamp_feature_on_the_river_bank, uniq_frances
Swamp:2:  layout_basic_swamp, infiniplex_staircase_pool_2, swamp_pool1,
          uniq_nikola
Orc:1:    layout_caves, uniq_jorgrun, uniq_josephine, uniq_nergalle
Orc:2:    grunt_orc_gardens, layout_caves, grunt_orc_garden, grunt_orc_garden,
          grunt_orc_garden, grunt_orc_garden, mines_bat_river

Skill      XL: |  1  2  3  4  5  6  7  8  9 10 11 12 13 14 15 16 17 |
---------------+----------------------------------------------------+-----
Ice Magic      | 5 6 7 8 9 10 11 12 13 14 15 | 15.4
Dodging        | 3 4 5 6 7 8 9 10 11 12 13 | 13.2
Spellcasting   | 3 4 5 7 8 9 10 11 12 | 12.8
Polearms       | 1 2 3 5 6 8 9 10 11 12 13 | 13.7
Conjurations   | 1 2 3 4 5 6 7 8 |  8.0
Shields        | 1 4 5 7 9 10 | 10.0
Invocations    | 1 3 4 5 6 7 8 |  8.9
Evocations     | 1 3 4 5 6 7 8 |  8.0
Fighting       | 7 8 |  8.0
Air Magic      | 1 3 4 |  4.0
Stealth        | |  2.3

Action                   |  1- 3 |  4- 6 |  7- 9 | 10-12 | 13-15 | 16-18 || total
-------------------------+-------+-------+-------+-------+-------+-------++-------
Melee: Spear             |    24 |   174 |   378 |   530 |   550 |   125 ||  1781
       Tailslap          |       |       |       |     2 |     1 |     3 ||     6
       Trident           |       |       |       |       |   152 |   622 ||   774
Throw: Dart              |       |       |     5 |     6 |     4 |     1 ||    16
 Cast: Freeze            |    39 |    90 |    68 |    57 |    52 |    16 ||   322
       Frozen Ramparts   |       |     5 |    20 |    47 |    56 |    26 ||   154
       Ozocubu's Armour  |       |     4 |     9 |    10 |    10 |     8 ||    41
       Hailstorm         |       |       |     9 |    65 |    83 |    65 ||   222
       Summon Ice Beast  |       |       |       |    21 |    25 |    68 ||   114
       Ozocubu's Refrige |       |       |       |       |    13 |    57 ||    70
Invok: Channel Magic     |       |       |       |       |     2 |     8 ||    10
  Use: Potion            |       |       |     6 |     1 |     2 |     3 ||    12
       Scroll            |       |       |    12 |    16 |    11 |     8 ||    47
 Stab: Sleeping          |     6 |    10 |     3 |     6 |     4 |     4 ||    33
       Distracted        |       |       |       |     2 |     2 |     4 ||     8
  Eat: Chunk             |     2 |    14 |    12 |    27 |    40 |    40 ||   135
       Ration            |       |       |     1 |     1 |       |     3 ||     5
Armor: Robe              |     5 |    44 |       |       |       |       ||    49
       Leather armour    |       |    25 |   113 |   107 |    95 |    76 ||   416
       Skin              |       |       |     5 |       |       |       ||     5
Dodge: Dodged            |    23 |   121 |   229 |   317 |   361 |   269 ||  1320
       Repelled          |       |       |       |       |     5 |     7 ||    12
Block: Buckler           |       |       |       |    49 |    30 |       ||    79
       Kite shield       |       |       |       |       |   305 |   380 ||   685
       Reflection        |       |       |       |       |    13 |    19 ||    32

Table legend:
 A = Non-vault XP
 B = Vault XP
 C = Vault XP percentage of total XP
 D = Non-vault monster count
 E = Vault monster count
 F = Vault count percentage of total count
                 A         B        C        D         E       F
            +---------+---------+-------+---------+---------+-------
      Total |  118968 |   79627 |  40.1 |     682 |     277 |  28.9
            +---------+---------+-------+---------+---------+-------
        D:1 |      35 |       0 |   0.0 |      21 |       0 |   0.0
        D:2 |     134 |       0 |   0.0 |      26 |       0 |   0.0
        D:3 |     111 |      45 |  28.8 |      26 |      15 |  36.6
        D:4 |     217 |       0 |   0.0 |      13 |       0 |   0.0
        D:5 |     766 |     333 |  30.3 |      26 |      22 |  45.8
        D:6 |     806 |     210 |  20.7 |      20 |       2 |   9.1
        D:7 |    1640 |       0 |   0.0 |      27 |       0 |   0.0
        D:8 |    2469 |     760 |  23.5 |      30 |       7 |  18.9
        D:9 |    2598 |     419 |  13.9 |      32 |      25 |  43.9
       D:10 |    1531 |    2501 |  62.0 |      25 |       5 |  16.7
       D:11 |    8753 |    1732 |  16.5 |      31 |       5 |  13.9
       D:12 |    6425 |    6797 |  51.4 |      41 |      13 |  24.1
       D:13 |   12927 |       0 |   0.0 |      41 |       0 |   0.0
       D:14 |   17640 |    3368 |  16.0 |      50 |       6 |  10.7
       D:15 |    4599 |    8840 |  65.8 |      18 |      10 |  35.7
     Temple |      46 |       0 |   0.0 |       2 |       0 |   0.0
     Lair:1 |     841 |    4380 |  83.9 |       7 |      11 |  61.1
     Lair:2 |    4327 |    4176 |  49.1 |      27 |      28 |  50.9
     Lair:3 |    1319 |     974 |  42.5 |       7 |       1 |  12.5
     Lair:4 |   11699 |       0 |   0.0 |      47 |       0 |   0.0
     Lair:5 |    1634 |       0 |   0.0 |       9 |       0 |   0.0
     Lair:6 |    9773 |   17225 |  63.8 |      33 |      43 |  56.6
    Swamp:1 |   13278 |    5116 |  27.8 |      27 |       3 |  10.0
    Swamp:2 |   10583 |    3695 |  25.9 |      29 |       1 |   3.3
      Orc:1 |    2780 |    4557 |  62.1 |      33 |       3 |   8.3
      Orc:2 |    2037 |   10309 |  83.5 |      34 |      37 |  52.1
     Bailey |       0 |    4190 | 100.0 |       0 |      40 | 100.0
            +---------+---------+-------+---------+---------+-------
